AoeStats
← Tavik

Nomad

508746477Analyzed
2v2 RM · 7d ago on Sep 23, 2026· 22m 18s· 4 players
Game mode
Random Map
Map size
176×176
Population
200
Speed
Normal
Resources
Standard
Victory
Conquest
Starting age
Dark Age
Ending age
Imperial Age
RankedLock teamsTeams togetherTeam positionsShared explorationLock speedFull tech treeHidden civsTurbo modeCheats
Victory
Defeat
🇨🇿 Japanese · Czechia
1296
+12
🇨🇿 Persians · Czechia
1290
+12
🇦🇷 Huns · Argentina
1266
-14
🇦🇷 Mongols · Argentina
1156
-10
Melioth
4:50 Loom
12:50 Feudal Age
17:38 Castle Age
15:56 Stone Mining
16:06 Double-Bit Axe
17:06 Gold Mining
17:12 Fishing Lines
22:30 Gillnets
Tavik
5:24 Loom
13:38 Feudal Age
14:19 Double-Bit Axe
19:31 Castle Age
17:49 Fletching
18:09 Horse Collar
20:49 Wheelbarrow
20:11 Bodkin Arrow
monJ3__
14:39 Feudal Age
12:54 Loom
17:05 Gold Mining
19:40 Castle Age
18:24 Double-Bit Axe
20:47 Wheelbarrow
22:14 Forging
22:09 Scale Barding Armor
locodecano
3:44 Loom
15:25 Feudal Age
19:20 Castle Age
18:53 Fletching
Connection lost

Rejoining the realm…

Still unreachable

The connection could not be restored.

Session expired

The server has moved on; the page needs a fresh start.